 Dungeon Crawl Stone Soup version 0.30.0-5-g1a98f26d00 (webtiles) character file.

Game seed: 2642445991707565329

17966 Strat the Slicer (level 12, -17/67 HPs)
             Began as a Vine Stalker Fire Elementalist on May 9, 2023.
             Was an Elder of Nemelex Xobeh.
             Demolished by a death yak (19 damage)
             ... on level 2 of the Lair of Beasts.
             The game lasted 00:28:26 (12076 turns).

Strat the Slicer (Vine Stalker Fire Elementalist)  Turns: 12076, Time: 00:28:26

Health: -17/67     AC: 11    Str: 12    XL:     12   Next: 53%
Magic:  0/19       EV: 13    Int: 15    God:    Nemelex Xobeh [****..]
Gold:   673        SH:  7    Dex: 25    Spells: 12/15 levels left

rFire   . . .        b - +2 dagger (elec)
rCold   . . .        x - +0 buckler
rNeg    + . .        r - +3 ring mail {rPois}
rPois   +            D - +0 helmet
rElec   .            (no cloak)
rCorr   .            G - +0 pair of gloves
SInv    .            (no boots)
Will    +....        q - amulet of regeneration
Stlth   +++          h - ring of positive energy
HPRegen 1.91/turn    u - +6 ring of dexterity
MPRegen 0.16/turn

%: guardian spirit
@: about to teleport
A: fangs 3, regeneration 1, magic shield, antimagic bite, no potion heal 2
a: Renounce Religion, Draw Escape, Draw Destruction, Draw Summoning, Triple
Draw, Deal Four


You were on level 2 of the Lair of Beasts.
You worshipped Nemelex Xobeh.
Nemelex Xobeh was greatly pleased with you.
You visited 2 branches of the dungeon, and saw 13 of its levels.
You also visited: Sewer.

You collected 796 gold pieces.
You spent 123 gold pieces at shops.

Inventory:

Hand Weapons
 a - a +0 vampiric rapier
 b - a +2 dagger of electrocution (weapon)
 v - a +2 short sword of venom
 N - a +1 dagger of speed
Missiles
 d - 27 poisoned darts
 y - 4 throwing nets
 F - 6 curare-tipped darts
 M - 2 boomerangs of dispersal
Armour
 r - a +3 ring mail of poison resistance (worn)
 x - a +0 buckler (worn)
 D - a +0 helmet (worn)
 G - a +0 pair of gloves (worn)
 I - a +0 kite shield
Jewellery
 h - a ring of positive energy (left hand)
 j - an amulet of faith
 o - a ring of protection from fire
 q - an amulet of regeneration (around neck)
 u - a +6 ring of dexterity (right hand)
Wands
 g - a wand of mindburst (9)
 p - a wand of charming (9)
 s - a wand of flame (29)
 C - a wand of iceblast (7)
Scrolls
 f - a scroll of blinking
 k - 3 scrolls of magic mapping
 l - 6 scrolls of teleportation
 m - 3 scrolls of immolation
 w - 3 scrolls of enchant armour
 z - 3 scrolls of poison
 E - 2 scrolls of fog
 K - 2 scrolls of identify
Potions
 c - 2 potions of degeneration
 e - 2 potions of berserk rage
 i - 4 potions of mutation
 n - 2 potions of magic
 t - 3 potions of cancellation
 A - 3 potions of curing
 B - 5 potions of heal wounds
 H - 3 potions of flight
 J - 4 potions of might
 L - 4 potions of attraction


   Skills:
 + Level 9.9 Fighting
 - Level 10.0 Short Blades
 - Level 5.0 Armour
 - Level 5.0 Dodging
 - Level 5.0 Stealth
 + Level 4.6 Shields
 - Level 2.1 Spellcasting
 - Level 1.0 Conjurations
 - Level 3.0 Fire Magic
 + Level 8.5 Invocations


You had 12 spell levels left.
You knew the following spells:

 Your Spells              Type           Power      Damage    Failure   Level
a - Foxfire               Conj/Fire      28%        2x1d5     28%         1
b - Scorch                Fire           20%        2d5       28%         2

Your spell library contained the following spells:

 Spells                   Type           Power      Damage    Failure   Level
 Apportation              Tloc           2%         N/A       54%         1
 Freeze                   Ice            4%         1d3       54%         1
 Sting                    Tmut/Pois      4%         1d3       54%         1
 Static Discharge         Conj/Air       6%         2-3/arc   61%         2
 Poisonous Vapours        Pois/Air       2%         N/A       67%         2
 Inner Flame              Hex/Fire       6%         N/A       71%         3
 Volatile Blastmotes      Fire/Tloc      12%        2d11      71%         3
 Hailstorm                Conj/Ice       3%         3d3       83%         3
 Call Canine Familiar     Summ           1%         N/A       88%         3
 Frozen Ramparts          Ice            2%         1d1       88%         3
 Portal Projectile        Hex/Tloc       2%         N/A       88%         3
 Flame Wave               Conj/Fire      7%         2d5       95%         4
 Airstrike                Air            0%         2d(1-17)  99%         4
 Leda's Liquefaction      Hex/Erth       0%         N/A       99%         4
 Olgreb's Toxic Radiance  Pois           1%         N/A       99%         4
 Summon Lightning Spire   Summ/Air       1%         N/A       99%         4
 Alistair's Intoxication  Tmut/Pois      0%         N/A       100%        5


Dungeon Overview and Level Annotations

Branches:
Dungeon (11/15)            Temple (0/1) D:7            Lair (2/5) D:8
 Shoals (0/4) Lair:2        Sewer (visited)
  Snake: Lair:2-3    Spider: Lair:2-3       Orc: D:9-12

Altars:
Elyvilon
Fedhas
Hepliaklqana
Kikubaaqudgha
Nemelex Xobeh
Okawaru
Ru
Vehumet
Wu Jian
Xom
Yredelemnul
The Shining One

Shops:
D:5 ?   D:9 *   D:10 [

Annotations:
D:6 2 transporters, Klatu's ghost, novice GrAr
Lair:1 2 runed translucent doors, Socuomm's ghost, novice AtDe


Innate Abilities, Weirdness & Mutations

You have razor-sharp teeth.
Your natural rate of healing is unusually fast.
When hurt, damage is shared between your health and your magic reserves.
Your bite disrupts and absorbs the magic of your enemies.
Potions cannot restore your health.


Message History

The death yak is heavily wounded.
Strat's illusion closely misses the death yak.
The death yak barely misses you.
You hit the death yak.
Lightning courses through the death yak!!
The death yak is almost dead.
You hit the death yak but do no damage.
The death yak is almost dead.
Strat's illusion hits the death yak but does no damage.
The death yak misses you.
You hit the death yak.
Lightning courses through the death yak!
You bite the death yak, but do no damage.
The death yak is almost dead.
You hit the death yak but do no damage. Your bite misses the death yak.
The death yak is almost dead.
Strat's illusion hits the death yak but does no damage.
The death yak gores you. The death yak gores you!!
* * * LOW HITPOINT WARNING * * *
The death yak gores you!!
* * * LOW HITPOINT WARNING * * *
As you read the scroll of teleportation, it crumbles to dust.
You feel strangely unstable.
Strat's illusion hits the death yak.
The death yak dies!
The death yak gores you!
* * * LOW HITPOINT WARNING * * *
The death yak gores you!
* * * LOW HITPOINT WARNING * * *
The death yak attacks as you move away! The death yak closely misses you.
Strat's illusion hits the death yak.
The death yak attacks as you move away! The death yak closely misses you.
Strat's illusion hits the death yak.
The death yak attacks as you move away!
The death yak gores you but does no damage.
Strat's illusion hits the death yak but does no damage.
The death yak attacks as you move away! The death yak gores you.
* * * LOW HITPOINT WARNING * * *
The death yak attacks as you move away! The death yak gores you!!
You die...
Your body disappears without a glow.

.#....#...#.#~# ..#
....#.P...##.~~ ..#
8........[P#..~##.#
....#......##.~.#.#
..8....#..###..~#.##
....##.....####....#
8...###............#
....###.......P...##
##........#.##P.@.##
.##.....#.#####YY..#
..##..8...# #...##
...###....# ##..@#
..## #.#..# #..Y.##
...# #....## #.....#
.### ###...# ##...##
## #...## ##...# #
## #....# #....#


You could see 3 death yaks and the friendly Strat's illusion (summoned).

Vanquished Creatures
  Harold (D:9)
  A deep elf pyromancer (D:8)
  6 elephants (Lair:1)
  A merfolk siren (Lair:2)
  3 black mambas (Lair:2)
  3 cane toads
  An unseen horror zombie (D:9)
  A rime drake (Lair:2)
  6 komodo dragons
  2 merfolk (Lair:2)
  A troll (D:9)
  2 hornets (D:9)
  8 yaks
  A shadow (D:9)
  5 wyverns
  A steam dragon (D:10)
  2 basilisks
  Menkaure (D:5)
  4 water moccasins
  A sky beast (D:6)
  4 black bears
  An orc warrior (D:6)
  An ice beast (D:5)
  3 ogres
  5 centaurs
  3 phantoms
  2 kobold brigands (D:8)
  10 bullfrogs
  A necrophage (D:9)
  2 scorpions
  A wyvern zombie (D:9)
  A gnoll sergeant (D:10)
  14 wights
  14 killer bees
  A howler monkey (D:8)
  3 centaur zombies (D:9)
  A jelly (D:6)
  7 orc priests
  2 hounds
  A human zombie (D:9)
  2 iguanas
  6 orc wizards
  A sleepcap (D:6)
  9 hell rats
  A mummy (D:9)
  2 howler monkey zombies (D:9)
  7 gnolls
  3 adders
  10 river rats
  A shadow imp (D:5)
  2 ufetubi
  2 worms
  2 dart slugs
  18 orcs
  10 endoplasms
  5 giant cockroaches
  3 goblins
  5 hobgoblins
  8 jackals
  19 kobolds
  3 quokkas
  5 ball pythons
  6 bats
  A frilled lizard (D:1)
  14 rats
273 creatures vanquished.

Vanquished Creatures (collateral kills)
  A death yak (Lair:2)
  Nergalle (D:10)
  An ugly thing (D:10)
  A wight (D:9)
4 creatures vanquished.

Vanquished Creatures (others)
  A wight (D:9)
  121 foxfires
122 creatures vanquished.

Grand Total: 399 creatures vanquished

Notes
Turn   | Place    | Note
-------+----------+-------------------------------------------
     0 | D:1      | Strat the Vine Stalker Fire Elementalist began the quest
                  | for the Orb.
     0 | D:1      | Reached XP level 1. HP: 9/9 MP: 4/4
   214 | D:1      | Reached XP level 2. HP: 2/14 MP: 0/6
   340 | D:1      | Learned a level 2 spell: Scorch
   906 | D:2      | Reached skill level 1 in Short Blades
  1018 | D:2      | Reached XP level 3. HP: 17/17 MP: 5/7
  1198 | D:2      | Reached skill level 1 in Fighting
  2022 | D:3      | Gained mutation: Your natural rate of healing is unusually
                  | fast. [Vine Stalker growth]
  2022 | D:3      | Reached XP level 4. HP: 22/22 MP: 2/8
  2134 | D:3      | Reached skill level 2 in Short Blades
  2584 | D:3      | Noticed a phantom
  2596 | D:3      | Killed a phantom
  2597 | D:3      | Reached skill level 3 in Short Blades
  2597 | D:3      | Reached XP level 5. HP: 27/27 MP: 3/9
  2832 | D:4      | Found a basalt altar of Yredelemnul.
  3082 | D:4      | Reached XP level 6. HP: 14/32 MP: 4/10
  3091 | D:4      | Reached skill level 4 in Short Blades
  3291 | D:4      | Found a sparkling altar of Nemelex Xobeh.
  3295 | D:4      | Became a worshipper of Nemelex Xobeh the Trickster
  3480 | D:5      | Entered Level 5 of the Dungeon
  3553 | D:5      | Found Noifoxt's Magic Scroll Shoppe.
  3578 | D:5      | Reached XP level 7. HP: 36/36 MP: 11/11
  3583 | D:5      | Bought a scroll of teleportation for 39 gold pieces
  3583 | D:5      | Bought a scroll of identify for 26 gold pieces
  3731 | D:5      | Found a sacrificial altar of Ru.
  3755 | D:5      | Reached skill level 5 in Short Blades
  3793 | D:5      | Noticed Menkaure
  3808 | D:5      | Killed Menkaure
  4094 | D:5      | Reached skill level 6 in Short Blades
  4174 | D:5      | Found a radiant altar of Vehumet.
  4265 | D:5      | Gained mutation: You have razor-sharp teeth. [Vine Stalker
                  | growth]
  4265 | D:5      | Reached XP level 8. HP: 42/42 MP: 6/12
  4517 | D:6      | Reached skill level 7 in Short Blades
  4604 | D:6      | Reached skill level 5 in Fighting
  4650 | D:6      | Found a transporter.
  4678 | D:6      | Reached * piety under Nemelex Xobeh
  4690 | D:6      | Noticed Klatu's ghost (novice GrAr)
  4714 | D:6      | Found a transporter.
  4905 | D:6      | Found a glowing drain.
  4931 | Sewer    | Entered a sewer
  5079 | D:6      | Received a gift from Nemelex Xobeh
  5176 | D:6      | Found an iron altar of Okawaru.
  5380 | D:7      | Reached skill level 8 in Short Blades
  5380 | D:7      | Reached XP level 9. HP: 34/47 MP: 11/13
  5550 | D:7      | Found a white marble altar of Elyvilon.
  5587 | D:7      | Found a staircase to the Ecumenical Temple.
  5606 | D:7      | Reached skill level 1 in Armour
  5716 | D:7      | Reached skill level 9 in Short Blades
  5895 | D:7      | Found a shimmering altar of Xom.
  6089 | D:8      | Reached ** piety under Nemelex Xobeh
  6172 | D:8      | You fall into a shaft and drop 2 floors!
  6172 | D:10     | Entered Level 10 of the Dungeon
  6389 | D:10     | Reached skill level 10 in Short Blades
  6501 | D:10     | Reached XP level 10. HP: 47/53 MP: 11/14
  6624 | D:10     | Reached skill level 1 in Invocations
  6668 | D:10     | Noticed a white ugly thing
  6711 | D:9      | Noticed Harold
  6744 | D:10     | Found Biamiq's Armour Shoppe.
  6752 | D:10     | Bought a +0 pair of gloves for 58 gold pieces
  7216 | D:9      | Found Zoyraer's Overcharged Wands.
  7344 | D:9      | Reached skill level 5 in Stealth
  7399 | D:9      | Found a hazy altar of Hepliaklqana.
  7710 | D:8      | Noticed a deep elf pyromancer
  7729 | D:8      | Killed a deep elf pyromancer
  7878 | D:8      | Found a staircase to the Lair.
  8178 | D:8      | Found a blossoming altar of Fedhas.
  8209 | D:8      | Reached XP level 11. HP: 58/58 MP: 15/15
  8402 | D:8      | Found an ornate altar of the Wu Jian Council.
  8497 | D:9      | Reached *** piety under Nemelex Xobeh
  8511 | D:9      | Reached skill level 5 in Invocations
  8619 | D:9      | Reached skill level 5 in Dodging
  8777 | D:9      | Killed Harold
  8906 | D:9      | Found an ancient bone altar of Kikubaaqudgha.
  9077 | D:10     | Received a gift from Nemelex Xobeh
  9138 | D:10     | Found a glowing golden altar of the Shining One.
  9305 | D:10     | Killed a white ugly thing
  9434 | D:11     | Noticed Nergalle
  9434 | D:11     | Noticed a white ugly thing
  9450 | D:10     | Killed Nergalle
  9583 | Lair:1   | Entered Level 1 of the Lair of Beasts
  9656 | Lair:1   | Reached skill level 1 in Shields
  9878 | Lair:1   | Received a gift from Nemelex Xobeh
 10255 | Lair:1   | Found a large runed translucent door.
 10255 | Lair:1   | Found a large runed translucent door.
 10300 | Lair:1   | Reached **** piety under Nemelex Xobeh
 10468 | Lair:1   | Reached XP level 12. HP: 49/66 MP: 13/18
 10614 | Lair:1   | Noticed Socuomm's ghost (novice AtDe)
 10831 | Lair:2   | Found a staircase to the Shoals.
 11202 | Lair:2   | Received a gift from Nemelex Xobeh
 11265 | Lair:2   | HP: 3/67 [hell rat (8)]
 11471 | Lair:2   | Reached skill level 5 in Armour
 11553 | Lair:2   | Found an ornate altar of the Wu Jian Council.
 12001 | Lair:2   | Noticed a death yak
 12001 | Lair:2   | Noticed a death yak
 12002 | Lair:2   | Noticed a death yak
 12045 | Lair:2   | Received a gift from Nemelex Xobeh
 12048 | Lair:2   | Noticed a death yak
 12059 | Lair:2   | Identified the +0 quarterstaff "Gitoq" {antimagic, *Noise
                  | rN+++ Int-4 Dex+9}
 12072 | Lair:2   | Killed a death yak
 12072 | Lair:2   | HP: 1/67 [death yak (13)]
 12076 | Lair:2   | Demolished by a death yak

Illustrated notes

Levels and vault maps discovered:
D:1:      minmay_arrival_glassed_features, layout_loops_ring
D:2:      layout_loops_ring, roderic_lattice_a
D:3:      minmay_bubble_buster, layout_basic
D:4:      layout_loops_ring, mainiacjoe_overflow_tiny_flanked,
          nemelex_diamond_rough_becter
D:5:      layout_rooms, mainiacjoe_overflow_cross_hatched, kennysheep_mini_moat,
          serial_shops, shop, uniq_menkaure
D:6:      layout_cave_pods, okawaru_metal_pillars_1_2, portal_sewer_entry_b,
          gammafunk_ghost_stat_death, serial_glass, glass_columns_a,
          glass_columns_a
D:7:      layout_loops_cross, nicolae_elyvilon_peaceful_grove,
          mainiacjoe_overflow_alcove_1, minmay_temple_entry_waves
D:8:      layout_loops_ring, lemuel_crystal_altar,
          pdpol_wu_jian_five_deadly_venoms, david_lair_generic
D:9:      layout_rooms, mainiacjoe_overflow_paths,
          lemuel_mausoleum_altar_kikubaaqudgha, grunt_ministairs_1,
          nicolae_shop_overcharged_wands, uniq_harold
D:10:     layout_stronghold, tso_altar, serial_shops,
          nicolae_shop_competitors_out_of_business
D:11:     layout_small_grid, portal_ice_cave_demonic_guard, uniq_nergalle,
          uniq_lodul
Lair:1:   layout_cave_pods, ebering_ghost_disaster_area,
          chequers_serial_rivers_room_a
Lair:2:   layout_concentric_octagons, elwin_shoals_entry_stream, basic_altar,
          dreamdust_mushroom_princess, chequers_serial_rivers_large_a,
          kennysheep_rathole, grunt_megastairs_4, infiniplex_staircase_pool_2,
          lemuel_fruit_tree

Skill      XL: |  1  2  3  4  5  6  7  8  9 10 11 12 |
---------------+-------------------------------------+-----
Short Blades   | 1 3 4 6 8 10 | 10.0
Stealth        | 3 5 |  5.0
Fighting       | 1 2 3 4 5 6 7 9 |  9.9
Armour         | 3 4 5 |  5.0
Dodging        | 2 4 5 |  5.0
Invocations    | 4 7 8 |  8.5
Shields        | 3 4 |  4.6
Spellcasting   | |  2.1
Conjurations   | |  1.0
Fire Magic     | |  3.0

Action                     |  1- 3 |  4- 6 |  7- 9 | 10-12 || total
---------------------------+-------+-------+-------+-------++-------
  Melee: Rapier            |    39 |       |       |       ||    39
         Bite              |     8 |    33 |    63 |   257 ||   361
         Hand axe          |     3 |       |       |       ||     3
         Dagger            |     6 |   119 |   221 |   660 ||  1006
   Cast: Foxfire           |    27 |    19 |    28 |       ||    74
         Scorch            |     2 |       |       |       ||     2
 Invoke: Draw Summoning    |       |       |       |     6 ||     6
         Draw Destruction  |       |       |       |     5 ||     5
  Evoke: Wand              |       |       |       |     8 ||     8
    Use: Scroll            |       |       |    19 |     7 ||    26
         Potion            |       |       |       |     3 ||     3
   Stab: Sleeping          |     2 |     4 |     3 |    16 ||    25
         Invisible         |       |       |       |     2 ||     2
         Distracted        |       |       |       |     2 ||     2
 Armour: Robe              |    11 |       |       |       ||    11
         Ring mail         |       |    46 |    43 |   118 ||   207
  Dodge: Dodged            |    30 |    77 |    69 |   217 ||   393
  Block: Buckler           |       |       |    13 |   111 ||   124
